Map: Invader LE

Players

SnuteFangirl - Winner!

  • Race: Zerg Zerg

iNcontroL

  • Race: Protoss Protoss
  • League: Master

VOD

https://www.youtube.com/watch?v=GhPjrulI3dA

Description

Time

  • Played on: March 28, 2016, 7:10 p.m.
  • Length: 13:16
Show
View Real Time Build Order
Export as new Build Order

SnuteFangirl Zerg - Winner!

Build Orders: Hatch First 

Get SALT Encoding   

  12  0:01  Drone  
  13  0:13  Overlord  
  13  0:17  Drone  
  14  0:32  Drone x2  
  16  0:49  Hatchery  
  15  0:51  Drone  
  15  0:56  Drone  
  17  0:58  Extractor  
  17  1:01  Drone  
  17  1:16  Spawning Pool  
  16  1:19  Drone  
  16  1:23  Drone  
  18  1:33  Drone  
  19  1:40  Overlord  
  19  2:04  Queen x2  
  19  2:05  Metabolic Boost  
  23  2:10  Zergling x2  
  23  2:11  Zergling x2  
  25  2:18  Drone x2  
  25  2:21  Drone  
  28  2:25  Drone  
  28  2:27  Drone  
  30  2:47  Hatchery  
  29  2:52  Overlord  
  29  2:53  Drone  
  29  2:56  Drone  
  29  2:57  Drone  
  32  3:01  Drone  
  32  3:02  Drone  
  34  3:10  Overlord  
  34  3:12  Drone  
  35  3:14  Drone  
  35  3:15  Drone  
  35  3:16  Drone  
  38  3:26  Zergling x8  
  42  3:29  Drone  
  42  3:31  Drone  
  44  3:36  Roach Warren  
  44  3:38  Drone  
  44  3:45  Extractor  
  44  3:47  Overlord  
  44  3:48  Drone x3  
  46  3:50  Drone  
  46  3:55  Drone x3  
  50  3:58  Spore Crawler  
  49  4:03  Spore Crawler  
  49  4:09  Overlord  
  47  4:10  Drone x2  
  47  4:14  Queen  
  51  4:25  Roach x2, Overlord  
  51  4:26  Roach  
  57  4:36  Overlord  
  57  4:37  Roach x3, Drone  
  64  4:38  Drone  
  64  4:44  Lair  
  65  4:47  Drone x2  
  65  4:48  Drone  
  65  4:51  Drone  
  69  4:54  Spore Crawler  
  69  4:59  Extractor  
  67  5:01  Roach x2, Overlord  
  71  5:11  Overlord  
  71  5:12  Roach x3  
  71  5:13  Drone  
  78  5:23  Drone x2  
  78  5:25  Roach x2, Evolution Chamber, Overlord  
  82  5:34  Overlord  
  82  5:35  Roach x2  
  85  5:40  Glial Reconstitution  
  85  5:45  Roach x2, Overlord  
  89  5:50  Overlord  
  89  5:51  Roach  
  89  5:55  Drone  
  89  5:56  Drone, Zerg Missile Weapons Level 1  
  93  5:59  Drone x2  
  93  6:00  Roach  
  96  6:09  Roach x3  
  101  6:12  Overlord  
  101  6:16  Overlord  
  100  6:21  Overseer x2  
  100  6:24  Roach x4  
  100  6:25  Roach  
  110  6:31  Roach x3  
  116  6:44  Drone  
  116  6:45  Drone x9  
  126  6:53  Drone x2  
  126  6:54  Drone x3  
  130  6:55  Extractor  
  130  6:56  Extractor  
  130  6:58  Hydralisk Den  
  130  6:59  Roach  
  130  7:00  Roach  
  132  7:12  Roach x2  
  132  7:14  Roach x3  
  132  7:15  Roach x3  
  144  7:18  Drone  
  145  7:25  Roach  
  139  7:31  Roach x2  
  139  7:38  Roach x3  
  139  7:40  Roach  
  143  7:45  Roach  
  131  7:53  Hydralisk x2  
  133  8:00  Overlord x3  
  133  8:01  Overlord x2  
  131  8:07  Overlord x4  
  127  8:15  Muscular Augments  
  127  8:16  Roach, Extractor  
  128  8:21  Hydralisk x3  
  128  8:23  Hatchery  
  128  8:25  Roach  
  128  8:26  Roach x2  
  139  8:28  Spine Crawler  
  139  8:29  Roach  
  139  8:30  Spine Crawler  
  139  8:32  Roach x2  
  139  8:33  Hydralisk  
  143  8:38  Roach x3  
  149  8:46  Roach x3  
  141  8:51  Roach x3  
  135  8:56  Roach  
  135  8:57  Roach x2  
  135  8:59  Roach x4  
  143  9:12  Roach x2  
  133  9:17  Roach x3  
  133  9:19  Roach  
  119  9:29  Roach x2  
  117  9:33  Roach  
  117  9:38  Roach x4  
  125  9:40  Roach x4  
  125  9:41  Zerg Missile Weapons Level 2  
  125  9:42  Roach x2  
  139  9:47  Roach  
  139  9:48  Overseer  
  139  9:49  Overseer x2  
  139  9:51  Hydralisk  
  143  9:55  Hydralisk  
  143  9:57  Hydralisk  
  147  10:00  Spine Crawler  
  147  10:01  Roach, Spine Crawler  
  147  10:05  Roach x2  
  147  10:07  Roach  
  153  10:10  Roach, Spine Crawler  
  154  10:15  Roach  
  154  10:16  Roach x2  
  154  10:19  Roach x2  
  164  10:25  Roach x3  
  170  10:31  Roach x3  
  170  10:33  Roach  
  162  10:36  Roach  
  162  10:37  Roach  
  162  10:39  Hydralisk  
  140  10:44  Hydralisk x2  
  140  10:46  Zergling x2  
  140  10:49  Roach  
  127  10:54  Roach  
  127  10:55  Roach x2  
  119  10:58  Hydralisk  
  119  10:59  Hydralisk  
  117  11:08  Drone  
  117  11:09  Drone x6  
  124  11:15  Hydralisk  
  126  11:19  Hydralisk  
  126  11:20  Hydralisk  
  126  11:22  Ravager x2  
  126  11:23  Ravager  
  133  11:28  Roach x2  
  133  11:31  Roach  
  139  11:35  Roach, Spore Crawler  
  139  11:37  Ravager x2  
  139  11:39  Hydralisk  
  144  11:44  Roach x2  
  144  11:45  Spore Crawler  
  147  11:48  Overseer x2  
  147  11:55  Hydralisk x2  
  147  11:57  Roach  
  147  11:58  Roach  
  147  11:59  Roach  
  157  12:04  Roach x3  
  157  12:06  Roach  
  161  12:18  Roach  
  161  12:19  Roach x5  
  161  12:20  Roach  
  161  12:22  Roach  
  162  12:25  Roach  
  162  12:26  Roach  
  162  12:27  Roach  
  164  12:30  Roach  
  164  12:32  Roach  
  168  12:37  Roach x4  
  168  12:40  Roach  
  168  12:42  Roach  
  172  12:44  Roach  
  172  12:45  Roach  
  172  12:46  Zergling x2  
  172  12:47  Zergling x2  
  172  12:48  Zergling x2  
  172  12:50  Zergling x2  
  160  12:53  Zergling x2  
  160  12:54  Zergling x2  
  160  12:55  Zergling x4  
Show
View Real Time Build Order
Export as new Build Order

iNcontroL Protoss 

Build Orders: 1 Gate Expand, Blink Stalkers 

Get SALT Encoding   

  12  0:01  Probe (Chrono Boost)  
  13  0:11  Probe (Chrono Boost)  
  14  0:19  Pylon  
  14  0:24  Probe (Chrono Boost)  
  15  0:37  Probe (Chrono Boost)  
  16  0:42  Gateway  
  16  0:45  Assimilator  
  16  0:48  Probe (Chrono Boost)  
  17  0:59  Probe (Chrono Boost)  
  18  1:09  Probe (Chrono Boost)  
  19  1:26  Nexus  
  19  1:33  Cybernetics Core  
  19  1:37  Probe (Chrono Boost)  
  20  1:48  Probe (Chrono Boost)  
  20  1:50  Pylon  
  20  1:53  Assimilator  
  21  1:59  Probe (Chrono Boost)  
  22  2:10  Mothership Core (Chrono Boost)  
  22  2:11  Warp Gate (Chrono Boost)  
  26  2:15  Adept  
  26  2:22  Pylon  
  26  2:29  Probe  
  27  2:36  Probe  
  27  2:41  Probe  
  27  2:42  Adept  
  31  2:46  Twilight Council  
  31  2:47  Probe  
  32  2:53  Probe  
  32  2:58  Probe  
  33  3:02  Pylon  
  33  3:05  Probe  
  35  3:08  Probe  
  36  3:17  Adept, Probe  
  39  3:21  Probe  
  39  3:26  Blink (Chrono Boost)  
  40  3:29  Probe  
  41  3:38  Gateway  
  41  3:40  Gateway  
  41  3:47  Gateway  
  41  3:49  Pylon  
  41  3:53  Probe  
  41  3:54  Probe  
  43  4:03  Probe  
  43  4:06  Probe  
  45  4:10  Pylon  
  45  4:13  Sentry  
  45  4:14  Probe  
  48  4:17  Assimilator  
  48  4:19  Probe, Assimilator  
  48  4:21  Pylon  
  49  4:24  Probe  
  49  4:30  Pylon  
  49  4:31  Probe  
  51  4:33  Stalker  
  51  4:34  Stalker  
  51  4:37  Pylon, Probe  
  55  4:43  Probe  
  57  4:47  Probe  
  57  4:48  Robotics Facility  
  58  4:55  Probe  
  58  4:56  Stalker  
  58  4:58  Probe  
  62  5:01  Stalker  
  64  5:07  Probe  
  64  5:08  Pylon  
  64  5:10  Probe  
  66  5:15  Stalker  
  66  5:17  Resonating Glaives (Chrono Boost)  
  66  5:20  Stalker  
  70  5:22  Sentry  
  72  5:32  Probe  
  73  5:36  Observer  
  73  5:37  Gateway  
  73  5:38  Gateway  
  73  5:42  Pylon  
  74  5:47  Forge  
  74  5:58  Nexus  
  74  5:59  Adept  
  74  6:04  Pylon  
  76  6:05  Pylon, Probe  
  76  6:07  Probe  
  76  6:08  Observer  
  79  6:19  Stalker x3  
  79  6:25  Probe x2  
  87  6:27  Observer  
  87  6:28  Protoss Ground Weapons Level 1 (Chrono Boost)  
  88  6:34  Robotics Facility  
  88  6:37  Robotics Bay  
  88  6:40  Probe  
  88  6:41  Probe  
  90  6:47  Immortal  
  90  6:53  Probe  
  95  7:00  Photon Cannon  
  95  7:02  Photon Cannon  
  95  7:03  Probe  
  95  7:05  Probe  
  97  7:09  Stalker x3  
  84  7:25  Immortal  
  84  7:28  Zealot  
  84  7:29  Zealot x2  
  83  7:31  Immortal  
  90  7:41  Stalker x3  
  90  7:50  Probe x2  
  92  8:02  Nexus  
  92  8:04  Sentry  
  92  8:05  Sentry x3  
  100  8:13  Protoss Ground Weapons Level 2 (Chrono Boost)  
  100  8:17  Immortal (Chrono Boost)  
  104  8:25  Immortal (Chrono Boost)  
  108  8:33  Probe x2  
  110  8:40  Charge  
  98  8:53  Stalker  
  98  8:54  Stalker x2  
  91  9:05  Pylon  
  91  9:06  Pylon  
  77  9:26  Pylon  
  77  9:30  Probe x2  
  77  9:32  Stalker x2  
  77  9:33  Stalker x4  
  77  9:35  Probe  
  90  9:42  Probe x2  
  92  9:50  Immortal (Chrono Boost)  
  96  9:56  Immortal (Chrono Boost)  
  100  10:11  Assimilator  
  100  10:13  Stalker x3, Assimilator  
  105  10:15  Sentry x2  
  109  10:22  Stalker  
  103  10:38  Stalker x2  
  103  10:39  Stalker x2  
  103  10:41  Probe x2  
  100  10:44  Probe  
  89  10:53  Stalker, Probe  
  89  10:55  Probe  
  90  11:02  Immortal (Chrono Boost)  
  90  11:05  Immortal (Chrono Boost)  
  90  11:06  Zealot x2  
  90  11:07  Zealot x2  
  106  11:21  Pylon  
  106  11:25  Stalker  
  108  11:33  Gateway  
  108  11:34  Gateway, Zealot x3  
  108  11:37  Zealot  
  116  11:41  Templar Archives  
  116  11:55  Immortal x2 (Chrono Boost)  
  124  12:04  Pylon  
  124  12:11  Zealot x3  
  124  12:12  Zealot  
  102  12:32  Immortal x2 (Chrono Boost)  
  102  12:35  Zealot x3  
  116  12:39  Zealot  
  90  12:58  Zealot x2  
  90  13:03  Zealot  
Tags
 
Add a new tag
Caveats
  • Supply blocks, unpowered buildings, or Contaminate may cause inaccurate times.
  • Supply counts are checked every 10 seconds.